 Dungeon Sprint DCSS version 0.27-a0-773-gaaee5cf45b (webtiles) character file.

Game seed: 4080983133339481007

457 mhtbhm the Basher (level 6, -7/71 HPs)
             Began as a Troll Berserker on Mar 26, 2021.
             Was an Elder of Trog.
             Mangled by a vampire (14 damage)
             ... in the Dungeon (Sprint IX: "|||||||||||||||||||||||||||||").
             The game lasted 00:00:37 (151 turns).

mhtbhm the Basher (Troll Berserker)                  Turns: 151, Time: 00:00:38

Health: -7/71      AC:  4    Str: 28    XL:     6   Next: 77%
Magic:  5/5        EV: 11    Int:  9    God:    Trog [****..]
Gold:   0          SH:  0    Dex:  9    Spells: 5/5 levels left

rFire    . . .     SeeInvis .   a - +2 dire flail (vorpal)
rCold    . . .     Faith    .   (shield currently unavailable)
rNeg     . . .     Spirit   .   b - +0 animal skin
rPois    .         Reflect  .   (helmet restricted)
rElec    .         Harm     .   (no cloak)
rCorr    .         Rampage  .   (gloves unavailable)
Will     .....     NoTele   +   (boots unavailable)
Stlth    +.........             (no amulet)
HPRegen  1.21/turn              k - +3 ring of intelligence
MPRegen  0.09/turn              l - +3 ring of intelligence

@: confused, berserk cooldown, slowed, very slow
A: large, unfitting armour, claws 3, regeneration 1, shaggy fur 1, tough skin 1
a: Renounce Religion, Berserk, Trog's Hand, Brothers in Arms


You were in the Dungeon.
You worshipped Trog.
Trog was greatly pleased with you.
You visited 1 branch

Inventory:

Hand Weapons
 a - a +2 vorpal dire flail (weapon)
Armour
 b - a +0 animal skin (worn)
Jewellery
 k - a +3 ring of intelligence (right claw)
 l - a +3 ring of intelligence (left claw)
Wands
 j - a wand of iceblast (10)
Scrolls
 h - 2 scrolls of blinking
Potions
 c - 5 potions of curing
 d - 3 potions of heal wounds
 e - a potion of haste
 f - 4 potions of magic
 g - a potion of berserk rage
 i - a potion of invisibility


   Skills:
 + Level 7.1 Fighting
 + Level 9.2 Maces & Flails
 + Level 6.9 Dodging


You had 5 spell levels left.
You didn't know any spells.
Your spell library was empty.

Dungeon Overview and Level Annotations

Branches:
Dungeon (1/1)

Altars:
Cheibriados
Dithmenos
Elyvilon
Fedhas
Gozag
Hepliaklqana
Kikubaaqudgha
Makhleb
Nemelex Xobeh
Okawaru
Qazlal
Ru
Sif Muna
Trog
Uskayaw
Vehumet
Wu Jian
Xom
Yredelemnul
Zin
The Shining One
Beogh
Jiyva
Lugonu


Innate Abilities, Weirdness & Mutations

You are too large for most types of armour.
You have claws for hands.
Your natural rate of healing is unusually fast.
You are covered in fur. (AC +1)
You have tough skin. (AC +1)


Message History

The yak gores you.
You hit the yak.
The yak is almost dead.
The yak gores you!
You barely miss the yak.
The yak is almost dead.
You closely miss the yak.
The yak is almost dead.
The yak closely misses you.
The vampire casts a spell at itself.
The vampire flickers and vanishes!
Deactivating autopickup; reactivate with Ctrl-A.
You impale the yak!!
You kill the yak!
Trog accepts your kill.
Your Fighting skill increases to level 7!
Your Maces & Flails skill increases to level 9!
Something hits you. Something bites you!
Something draws strength from your injuries!
Items here: ( ) ††.
You barely miss something. Something hits you. Something bites you.
Something draws strength from your injuries!
Unknown command.
You miss something. You hit something but do no damage.
You hear some strange, mumbled words.
You are confused.
You closely miss something.
You are no longer berserk.
You are exhausted.
You feel yourself slow down.
You bump into the unnaturally hard rock wall.
Something hits you! Something bites you.
* * * LOW HITPOINT WARNING * * *
Something draws strength from your injuries!
The steam dragon breathes steam at you. The ball of steam hits you!
* * * LOW HITPOINT WARNING * * *
Something completely misses you. Something bites you!
You die...

▓+▓
▓.▓
▓.▓
▓o▓
▓D▓
▓{▓
▓@▓
▓§▓
▓§▓
▓.▓
▓[▓
▓[▓
▓[▓
▓.▓
▓)▓


You could see a steam dragon (catching breath) and an orc warrior.

Vanquished Creatures
  2 yaks (D)
  A necrophage (D)
  A kobold brigand (D)
  An adder (D)
  An adder skeleton (D)
  2 hobgoblins (D)
  2 jackals (D)
  A quokka (D)
  A bat (D)
  A kobold (D)
13 creatures vanquished.

Notes
Turn   | Place    | Note
-------+----------+-------------------------------------------
     0 | D        | mhtbhm the Troll Berserker began the quest for the Orb.
     0 | D        | Reached XP level 1. HP: 22/22 MP: 0/0
     8 | D        | Reached skill level 3 in Maces & Flails
     8 | D        | Reached ** piety under Trog
    28 | D        | Noticed a necrophage
    31 | D        | Reached XP level 2. HP: 31/31 MP: 1/1
    36 | D        | Killed a necrophage
    36 | D        | Reached *** piety under Trog
    37 | D        | Reached skill level 5 in Maces & Flails
    37 | D        | Reached XP level 3. HP: 40/40 MP: 2/2
    37 | D        | Reached XP level 4. HP: 49/49 MP: 3/3
    80 | D        | Found a snail-covered altar of Cheibriados.
    80 | D        | Found a shadowy altar of Dithmenos.
    80 | D        | Found a white marble altar of Elyvilon.
    80 | D        | Found a blossoming altar of Fedhas.
    80 | D        | Found an opulent altar of Gozag.
    81 | D        | Found a hazy altar of Hepliaklqana.
    82 | D        | Found a viscous altar of Jiyva.
    83 | D        | Found an ancient bone altar of Kikubaaqudgha.
    84 | D        | Found a corrupted altar of Lugonu.
    85 | D        | Found a burning altar of Makhleb.
    86 | D        | Found a sparkling altar of Nemelex Xobeh.
    87 | D        | Found an iron altar of Okawaru.
    88 | D        | Found a stormy altar of Qazlal.
    89 | D        | Found a sacrificial altar of Ru.
    90 | D        | Found a shimmering blue altar of Sif Muna.
    91 | D        | Found a bloodstained altar of Trog.
    92 | D        | Found a hide-covered altar of Uskayaw.
    93 | D        | Found a radiant altar of Vehumet.
    94 | D        | Found an ornate altar of the Wu Jian Council.
    95 | D        | Found a shimmering altar of Xom.
    96 | D        | Found a basalt altar of Yredelemnul.
    97 | D        | Found a glowing silver altar of Zin.
    98 | D        | Found a glowing golden altar of the Shining One.
   129 | D        | Noticed an orc warrior
   129 | D        | Noticed a steam dragon
   129 | D        | Noticed a vampire
   129 | D        | Noticed a yak
   129 | D        | Noticed a yak
   129 | D        | Noticed a kobold brigand
   134 | D        | Killed a kobold brigand
   134 | D        | Reached **** piety under Trog
   135 | D        | Reached skill level 5 in Fighting
   135 | D        | Reached skill level 6 in Maces & Flails
   135 | D        | Reached skill level 5 in Dodging
   135 | D        | Reached XP level 5. HP: 57/57 MP: 4/4
   138 | D        | Killed a yak
   139 | D        | Reached skill level 8 in Maces & Flails
   139 | D        | Reached XP level 6. HP: 68/68 MP: 5/5
   145 | D        | Killed a yak
   146 | D        | Reached skill level 9 in Maces & Flails
   151 | D        | Mangled by a vampire

Illustrated notes

Levels and vault maps discovered:
D:        linesprint [early_d, line_temple, items_1, d_10, items_2, lair_1,
          lair_end, items_3, orc_1, orc_end, items_4, d_15, swamp_1, shoals_1,
          snake_1, spider_1, d_20, vaults_1, items_5, swamp_end, shoals_end,
          snake_end, spider_end, vaults_end, d_27, items_6, zot_1, zot_end,
          crypt_end, forest_end, elf_end, slime_end, tomb_end, abyss_end,
          pan_hell_end]

Skill      XL: |  1  2  3  4  5  6 |
---------------+-------------------+-----
Maces & Flails | 3 5 6 8 9 |  9.2
Fighting       | 3 4 5 6 7 |  7.1
Dodging        | 3 4 5 6 |  6.9

Action                   |  1- 3 |  4- 6 || total
-------------------------+-------+-------++-------
Melee: Mace              |    22 |     5 ||    27
       Dire flail        |       |    18 ||    18
Invok: Berserk           |     1 |     1 ||     2
Armor: Animal skin       |     6 |     1 ||     7
Dodge: Dodged            |     8 |     3 ||    11

Table legend: (Time is in decaauts)
 A = Elapsed time spent in this place.
 B = Non-inter-level travel time spent in this place.
 C = Inter-level travel time spent in this place.
 D = Time resting spent in this place.
 E = Time spent auto-exploring this place.
 F = Levels seen in this place.
 G = Mean time per level.
                   A        B        C        D        E       F      G
               +--------+--------+--------+--------+--------+-----+--------+
         Total |    153 |    153 |      0 |     46 |      3 |   1 |  153.0 |
       Dungeon |    153 |    153 |      0 |     46 |      3 |   1 |  153.0 |
               +--------+--------+--------+--------+--------+-----+--------+

Top non-repeatable levels by time:
       D: 153 daAuts
